 Dungeon Crawl Stone Soup version 0.28.0-47-ge53b351184 (webtiles) character file.

Game seed: 4357176111955121412

18 Zeld the Firebug (level 2, -1/15 HPs)
             Began as a Deep Elf Fire Elementalist on Apr 28, 2022.
             Slain by a jackal (2 damage)
             ... on level 1 of the Dungeon.
             The game lasted 00:01:46 (747 turns).

Zeld the Firebug (Deep Elf Fire Elementalist)        Turns: 747, Time: 00:01:46

Health: -1/15      AC:  2    Str:  5    XL:     2   Next: 48%
Magic:  1/8        EV: 12    Int: 19    God:
Gold:   26         SH:  0    Dex: 15    Spells: 4/7 levels left

rFire   . . .      SeeInvis .   (no weapon)
rCold   . . .      Faith    .   (no shield)
rNeg    . . .      Spirit   .   a - +0 robe
rPois   .          Reflect  .   (no helmet)
rElec   .          Harm     .   (no cloak)
rCorr   .          Rampage  .   (no gloves)
Will    .....                   (no boots)
Stlth   ++........              (no amulet)
HPRegen 0.05/turn               (no ring)
MPRegen 0.11/turn               (no ring)

@: no status effects
A: no striking features
a: no special abilities


You were on level 1 of the Dungeon.
You visited 1 branch of the dungeon, and saw 1 of its levels.

You collected 26 gold pieces.

Inventory:

Armour
 a - a +0 robe (worn)
Potions
 b - a potion of degeneration {unknown}


   Skills:
 + Level 0.2 Fighting
 + Level 2.6 Dodging
 + Level 2.6 Stealth
 * Level 3.4 Spellcasting
 + Level 1.3 Conjurations
 * Level 3.6 Fire Magic


You had 4 spell levels left.
You knew the following spells:

 Your Spells              Type           Power      Damage    Failure   Level
a - Foxfire               Conj/Fire      48%        2x1d6     5%          1
b - Scorch                Fire           34%        2d7       4%          2

Your spell library contained the following spells:

 Spells                   Type           Power      Damage    Failure   Level
 Conjure Flame            Conj/Fire      12%        6-21      16%         3
 Inner Flame              Hex/Fire       10%        N/A       21%         3
 Flame Wave               Conj/Fire      12%        2d6       47%         4


Dungeon Overview and Level Annotations

Branches:
Dungeon (1/15)

Altars:


Message History

The jackal bites you. The jackal closely misses you.
Casting: Scorch (safe; 4% risk of failure)
Confirm with . or Enter, or press ? or * to list all spells.
You miscast Scorch.
You are very lightly contaminated with residual magic.
Nothing appears to happen.
The jackal misses you.
Unknown command.
Casting: Scorch (safe; 4% risk of failure)
Confirm with . or Enter, or press ? or * to list all spells.
Flames lash the jackal.
You kill the jackal!
The jackal barely misses you.
Unknown command.
Casting: Scorch (safe; 4% risk of failure)
Confirm with . or Enter, or press ? or * to list all spells.
You conjure some foxfire!
The jackal closely misses you.
Your foxfire dissipates!
The foxfire hits the jackal.
You kill the jackal!
Really walk into that dispersal trap?
You enter a dispersal trap!
The jackal blinks!
The dart slug blinks!
The jackal blinks! x2; You blink.
You barely miss the jackal. The jackal bites you.
* * * LOW HITPOINT WARNING * * *
Casting: Foxfire (safe; 5% risk of failure)
Confirm with . or Enter, or press ? or * to list all spells.
You conjure some foxfire!
The jackal closely misses you. The jackal bites you.
* * * LOW HITPOINT WARNING * * *
Your foxfire dissipates!
The foxfire hits the jackal but does no damage.
Your magical contamination has completely faded away.
There is an abandoned shop here.
The jackal barely misses you. The jackal bites you.
* * * LOW HITPOINT WARNING * * *
The jackal bites you but does no damage.
The jackal closely misses you.
There is an abandoned shop here.
The jackal bites you.
You die...

h....###...###########.#
... ##∩...###∩∩####.#.# .
#∩...†..........#.#
#..............∩#.#
##.............##.#
#.......#.....##.#####
#..##.∩∩#......#>.....
##..##h∩∩#.....∩#.#####
#∩....@........##.# #.
#.######†##......##.# #.
#................##.# #.
#######..^#∩.....##.# #.
####### ###.#∩.....##.# #.
#.....# #.#∩.....##.# #.
#.....######.##.....∩#.#
#.
###.............#......#.#
#.
........#######.##...###.#
##


You could see a jackal.

Vanquished Creatures
  A ball python (D:1)
  A bat (D:1)
  2 endoplasms (D:1)
  2 giant cockroaches (D:1)
  A hobgoblin (D:1)
  3 jackals (D:1)
  A kobold (D:1)
  A frilled lizard (D:1)
  3 rats (D:1)
15 creatures vanquished.

Vanquished Creatures (others)
  23 foxfires (D:1)
23 creatures vanquished.

Grand Total: 38 creatures vanquished

Notes
Turn   | Place    | Note
-------+----------+-------------------------------------------
     0 | D:1      | Zeld the Deep Elf Fire Elementalist began the quest for the
                  | Orb.
     0 | D:1      | Reached XP level 1. HP: 10/10 MP: 6/6
   544 | D:1      | Reached XP level 2. HP: 15/15 MP: 5/8
   547 | D:1      | Learned a level 2 spell: Scorch
   747 | D:1      | Slain by a jackal

Illustrated notes

Levels and vault maps discovered:
D:1:      amcnicky_arrival_abandoned_market, layout_basic

Action                   || total
-------------------------++-------
Melee: Unarmed           ||     1
 Cast: Foxfire           ||    20
       Scorch            ||     6
Armor: Robe              ||     4
Dodge: Dodged            ||    18
